 Dungeon Crawl Stone Soup version 0.28.0-45-g0d030f2227 (webtiles) character file.

Game seed: 18042590217371739702

245 Descartes the Ruffian (level 5, 0/50 HPs)
             Began as a Troll Delver on Apr 13, 2022.
             Slain by a bullfrog (6 damage)
             ... in a sewer.
             The game lasted 00:01:49 (363 turns).

Descartes the Ruffian (Troll Delver)                 Turns: 363, Time: 00:01:50

Health: 0/50       AC:  4    Str: 20    XL:     5   Next: 83%
Magic:  4/4        EV:  9    Int:  8    God:
Gold:   0          SH:  0    Dex: 11    Spells: 4/4 levels left

rFire   . . .      SeeInvis .     - Unarmed
rCold   . . .      Faith    .   (no shield)
rNeg    . . .      Spirit   .   a - +0 robe
rPois   .          Reflect  .   (helmet restricted)
rElec   .          Harm     .   (no cloak)
rCorr   .          Rampage  .   (gloves unavailable)
Will    .....                   (boots unavailable)
Stlth   ++........              (no amulet)
HPRegen 0.96/turn               (no ring)
MPRegen 0.09/turn               (no ring)

@: hasted, very quick
A: large, unfitting armour, claws 3, regeneration 1, shaggy fur 1, tough skin 1
a: no special abilities


You were in a sewer.
You visited 1 branch of the dungeon, and saw 1 of its levels.
You also visited: Sewer.

Inventory:

Armour
 a - a +0 robe (worn)
Wands
 f - a wand of digging (3)
Scrolls
 b - a scroll of fog
 d - a scroll of fear


   Skills:
 - Level 2.4 Fighting
 - Level 1.5 Dodging
 - Level 2.7 Stealth
 + Level 6.2 Unarmed Combat


You had 4 spell levels left.
You didn't know any spells.
Your spell library was empty.

Dungeon Overview and Level Annotations

Branches:
Dungeon (5/15)              Sewer (1/1)
 Temple: D:4-7

Altars:


Innate Abilities, Weirdness & Mutations

You are too large for most types of armour.
You have claws for hands.
Your natural rate of healing is unusually fast.
You are covered in fur. (AC +1)
You have tough skin. (AC +1)


Message History

A bullfrog is nearby!
No reachable target in view!
You enter the shallow water.
Moving in this stuff is going to be slow.
The bullfrog snags a nearby blue-tailed skink with its tongue.
The bullfrog hits you! The bullfrog barely misses you.
The bullfrog closely misses you. The bullfrog hits you.
You completely miss the bullfrog. The bullfrog barely misses you. x3
You claw the bullfrog!
The bullfrog is severely wounded.
The bullfrog hits you. x3
You scratch the bullfrog.
The bullfrog is almost dead.
The bullfrog hits you. The bullfrog closely misses you. The bullfrog hits you.
You claw the bullfrog!
You kill the bullfrog!
The bullfrog hits you.
Your Unarmed Combat skill increases to level 6!
You barely miss the bullfrog. The bullfrog hits you.
You claw the bullfrog!
The bullfrog is moderately wounded.
The bullfrog hits you!
* * * LOW HITPOINT WARNING * * *
The bullfrog hits you.
* * * LOW HITPOINT WARNING * * *
You barely miss the bullfrog.
The bullfrog is moderately wounded.
The bullfrog misses you.
You scratch the bullfrog.
The bullfrog is heavily wounded.
The bullfrog hits you!
* * * LOW HITPOINT WARNING * * *
You feel yourself speed up. The bullfrog barely misses you.
The bullfrog hits you.
* * * LOW HITPOINT WARNING * * *
You closely miss the bullfrog. Your claw misses the bullfrog.
The bullfrog is heavily wounded.
The bullfrog hits you.
You die...

#.†.##.≈≈≈.#≈≈≈≈≈≈≈ #.#
#.≈.##.≈≈≈.#≈≈≈≈≈≈≈≈≈##
#.#
##≈###.≈≈≈.≈≈≈≈≈≈≈≈≈≈≈#
#.# #†#
#.≈≈≈.≈≈≈≈≈≈≈≈≈≈≈# #.#
#.# #.≈≈≈.≈≈≈≈≈≈≈≈≈≈≈#
#.# #∩#
#†≈≈≈.≈≈≈≈≈.≈≈≈≈≈≈ #.#
#.# #.≈≈≈≈≈≈≈≈.$.≈≈≈≈≈
#.# #∩#
#.≈≈≈≈≈≈≈≈=$?.≈≈≈≈ #.#
#.# #.≈≈≈≈≈≈≈.@$?≈≈≈≈≈#
#.# ###
#.≈≈≈≈≈≈.≈.F≈≈≈≈≈≈# #.#
#.≈≈≈≈≈≈≈≈≈≈..≈≈≈≈# #.#
#.≈≈≈≈≈≈≈......≈≈# #.#
#.≈≈≈≈≈≈≈≈≈...∩≈≈# #≈#
#†≈≈≈≈≈≈≈≈≈≈≈≈≈≈≈# #≈#
#.≈≈≈≈≈≈≈≈≈≈≈≈≈≈## #†#
#.≈≈≈≈≈≈≈≈≈≈≈≈≈≈# #≈#
#.≈≈≈.≈≈≈≈≈≈≈≈≈## #≈#


You could see a bullfrog.

Vanquished Creatures
  A necrophage (D:5)
  A bullfrog (Sewer)
  An orc wizard (D:5)
  3 adders (Sewer)
  A worm (D:5)
  3 orcs (D:5)
  11 giant cockroaches
  5 quokkas (Sewer)
  8 ball pythons
  4 frilled lizards (Sewer)
  3 rats (D:5)
41 creatures vanquished.

Notes
Turn   | Place    | Note
-------+----------+-------------------------------------------
     0 | D:5      | Descartes the Troll Delver began the quest for the Orb.
     0 | D:5      | Reached XP level 1. HP: 22/22 MP: 0/0
    23 | D:5      | Noticed a necrophage
    23 | D:5      | Noticed an orc wizard
    39 | D:5      | Killed an orc wizard
    40 | D:5      | Reached skill level 3 in Unarmed Combat
    40 | D:5      | Reached XP level 2. HP: 16/29 MP: 1/1
    40 | D:5      | Reached XP level 3. HP: 20/36 MP: 2/2
    43 | D:5      | Killed a necrophage
    44 | D:5      | Reached skill level 5 in Unarmed Combat
    44 | D:5      | Reached XP level 4. HP: 28/44 MP: 3/3
    90 | D:5      | Found a glowing drain.
    95 | Sewer    | Entered a sewer
   118 | Sewer    | Reached XP level 5. HP: 45/50 MP: 4/4
   358 | Sewer    | Reached skill level 6 in Unarmed Combat
   363 | Sewer    | Slain by a bullfrog

Illustrated notes

Levels and vault maps discovered:
D:5:      layout_cave_pods, portal_sewer_entry_e
Sewer:    sewer_frog_island_01

Skill      XL: |  1  2  3  4  5 |
---------------+----------------+-----
Unarmed Combat | 3 5 6 |  6.2
Fighting       | |  2.4
Dodging        | |  1.5
Stealth        | |  2.7

Action                   |  1- 3 |  4- 6 || total
-------------------------+-------+-------++-------
Melee: Unarmed           |    18 |    98 ||   116
       Punch             |       |     2 ||     2
  Use: Scroll            |     1 |       ||     1
       Potion            |       |     1 ||     1
 Stab: Sleeping          |       |     1 ||     1
Armor: Robe              |     2 |    35 ||    37
Dodge: Dodged            |     5 |    49 ||    54
